Map: Abyssal Reef LE

Players

LiquidTLO (TLO)

  • Race: Zerg Zerg
  • Spawn Location: 5:00

BLY - Winner!

  • Race: Zerg Zerg
  • Spawn Location: 11:00

Event: IEM XI Katowice - World Championship 2017

VOD

Have the link to the VOD?

Description

Time

  • Played on: Feb. 27, 2017, 5:01 a.m.
  • Length: 14:54

All games in this series

Show
View Real Time Build Order
Export as new Build Order

LiquidTLO Zerg 

Build Orders: Pool First 

Get SALT Encoding   

  12  0:01  Drone  
  13  0:13  Overlord  
  13  0:17  Drone  
  14  0:31  Drone  
  14  0:33  Drone  
  16  0:41  Spawning Pool  
  15  0:46  Drone  
  15  0:49  Drone  
  17  1:11  Hatchery  
  16  1:14  Drone  
  16  1:16  Extractor  
  16  1:28  Zergling x6  
  19  1:34  Queen  
  21  1:42  Overlord  
  21  1:50  Drone  
  22  2:03  Drone  
  23  2:10  Queen  
  23  2:13  Drone  
  26  2:17  Metabolic Boost  
  26  2:24  Drone x2  
  28  2:34  Zergling x2  
  28  2:35  Drone  
  30  2:38  Baneling Nest  
  29  2:46  Drone  
  30  2:57  Drone  
  31  3:00  Drone  
  31  3:04  Drone x2  
  32  3:06  Drone x2  
  32  3:09  Zergling x2  
  34  3:17  Roach Warren  
  34  3:18  Zergling x6  
  36  3:27  Overlord  
  36  3:30  Baneling x2  
  36  3:36  Baneling x2  
  36  3:37  Baneling  
  36  3:38  Baneling  
  36  3:44  Queen  
  36  3:47  Drone  
  36  3:48  Drone  
  36  3:56  Drone  
  36  3:57  Drone  
  36  3:58  Roach x2  
  36  3:59  Roach  
  36  4:01  Drone  
  43  4:03  Drone  
  43  4:08  Overlord  
  44  4:20  Hatchery  
  44  4:23  Drone  
  44  4:28  Drone x3  
  44  4:31  Zergling x2  
  48  4:34  Zergling x2  
  48  4:35  Zergling x4  
  52  4:41  Lair  
  52  4:43  Zergling x2, Extractor  
  52  4:49  Zergling x2  
  52  4:50  Zergling x2  
  52  4:51  Overlord  
  51  4:54  Overlord  
  51  4:55  Drone x2  
  51  4:57  Drone  
  51  4:58  Roach  
  49  5:03  Overlord  
  47  5:14  Hatchery, Ravager  
  46  5:16  Drone  
  46  5:20  Drone  
  48  5:21  Queen  
  48  5:23  Zergling x2  
  48  5:27  Drone  
  52  5:29  Roach  
  52  5:32  Roach  
  52  5:34  Roach  
  58  5:36  Roach  
  58  5:38  Roach  
  58  5:41  Drone  
  62  5:43  Glial Reconstitution  
  62  5:48  Evolution Chamber, Drone  
  62  5:49  Drone  
  63  5:51  Drone  
  63  5:53  Drone  
  65  5:59  Drone  
  65  6:00  Overlord, Drone  
  67  6:05  Extractor  
  67  6:08  Overlord  
  66  6:18  Zerg Missile Weapons Level 1  
  66  6:19  Overlord  
  66  6:20  Roach x3  
  66  6:23  Roach  
  74  6:26  Queen  
  74  6:30  Roach x2  
  74  6:32  Roach  
  82  6:34  Roach  
  82  6:35  Drone  
  82  6:39  Roach  
  86  6:41  Drone  
  86  6:42  Unknown, Overlord  
  87  6:47  Drone x2  
  87  6:50  Drone  
  90  6:54  Overseer  
  90  6:55  Overlord  
  90  6:56  Queen  
  90  7:00  Drone  
  93  7:05  Roach  
  93  7:06  Roach x2  
  98  7:08  Roach  
  98  7:09  Roach  
  98  7:12  Drone x2  
  98  7:13  Extractor  
  102  7:16  Drone  
  102  7:17  Tunneling Claws  
  102  7:20  Drone  
  102  7:21  Drone  
  102  7:22  Drone  
  106  7:25  Burrow  
  106  7:28  Drone  
  107  7:31  Drone  
  107  7:32  Drone  
  107  7:36  Drone x3  
  112  7:41  Roach  
  114  7:47  Overlord  
  114  7:50  Overlord  
  114  7:51  Queen  
  114  7:52  Overlord  
  114  7:55  Extractor  
  113  7:59  Spore Crawler, Queen  
  113  8:00  Extractor  
  113  8:01  Spore Crawler  
  113  8:02  Spore Crawler, Overlord  
  113  8:03  Roach  
  111  8:08  Roach x3  
  115  8:13  Roach x2  
  115  8:15  Roach  
  115  8:17  Roach  
  121  8:20  Roach x2  
  121  8:23  Roach  
  121  8:24  Roach  
  127  8:27  Roach  
  127  8:31  Roach  
  131  8:34  Roach  
  131  8:35  Roach x26  
  131  8:37  Roach  
  131  8:38  Roach x2  
  139  8:44  Overlord  
  139  8:47  Overlord  
  139  8:49  Zerg Missile Weapons Level 2, Overlord  
  139  8:56  Overlord  
  139  8:59  Hydralisk Den  
  134  9:06  Drone  
  134  9:07  Drone x2  
  137  9:10  Overlord  
  137  9:16  Spore Crawler  
  137  9:17  Drone  
  137  9:18  Overlord, Drone  
  138  9:29  Hydralisk  
  138  9:30  Hydralisk x4, Muscular Augments  
  145  9:32  Spore Crawler, Hydralisk  
  145  9:34  Hydralisk  
  145  9:37  Hydralisk  
  147  9:38  Hydralisk  
  147  9:42  Hydralisk  
  147  9:44  Hydralisk  
  153  9:48  Spore Crawler, Unknown  
  153  9:51  Hydralisk  
  154  9:53  Hydralisk  
  154  9:56  Hydralisk  
  154  9:59  Hydralisk x2  
  160  10:02  Overlord  
  160  10:05  Overlord  
  162  10:10  Overlord  
  162  10:11  Hydralisk  
  162  10:12  Unknown  
  164  10:16  Hydralisk  
  164  10:19  Ravager  
  164  10:20  Unknown, Roach  
  169  10:28  Hydralisk x2  
  171  10:31  Unknown, Overlord x2  
  171  10:33  Extractor  
  171  10:34  Roach  
  174  10:36  Roach  
  174  10:40  Roach  
  174  10:41  Roach  
  174  10:42  Roach  
  182  10:46  Roach  
  182  10:47  Roach  
  182  10:48  Overlord  
  186  10:51  Roach  
  186  10:56  Roach  
  190  11:00  Roach  
  190  11:04  Roach x2  
  192  11:07  Roach x2  
  192  11:08  Roach  
  193  11:25  Overlord  
  193  11:29  Hatchery  
  148  11:40  Roach x7  
  148  11:41  Roach x3  
  148  11:44  Roach  
  125  11:47  Roach  
  125  11:48  Drone x2  
  125  11:51  Roach  
  125  11:52  Roach x8  
  125  11:53  Roach  
  101  11:55  Roach x8, Drone  
  101  11:58  Hydralisk  
  104  12:01  Hydralisk  
  104  12:06  Roach x8  
  104  12:08  Roach  
  110  12:13  Roach  
  110  12:14  Unknown x2  
  110  12:16  Roach x2  
  110  12:20  Roach  
  110  12:21  Roach  
  118  12:23  Roach  
  118  12:27  Roach  
  118  12:29  Roach  
  122  12:38  Roach  
  116  12:45  Roach x5  
  116  12:46  Roach  
  116  12:48  Hydralisk  
  128  12:53  Hydralisk  
  128  12:58  Hydralisk  
  130  13:04  Hydralisk  
  134  13:09  Hydralisk  
  136  13:15  Hydralisk, Unknown, Roach x6  
  136  13:17  Hydralisk  
  140  13:20  Hydralisk  
  140  13:26  Hydralisk  
  142  13:27  Unknown x2  
  142  13:28  Hydralisk  
  142  13:30  Unknown  
  142  13:31  Drone x3  
  142  13:32  Extractor  
  148  13:36  Hydralisk x2  
  148  13:41  Hydralisk  
  140  13:44  Hydralisk  
  140  13:47  Hydralisk  
  146  13:51  Hydralisk  
  148  13:55  Hydralisk  
  148  13:56  Roach x3  
  148  13:57  Hydralisk  
  152  14:04  Hydralisk  
  152  14:07  Hydralisk  
  152  14:09  Hydralisk  
  156  14:12  Roach  
  156  14:15  Roach  
  156  14:16  Hydralisk  
  162  14:20  Unknown x3  
  162  14:21  Unknown  
  162  14:22  Roach  
  162  14:23  Unknown  
  166  14:27  Hydralisk x2  
Show
View Real Time Build Order
Export as new Build Order

BLY Zerg - Winner!

Build Orders: Hatch First 

Get SALT Encoding   

  12  0:01  Drone  
  13  0:12  Overlord  
  13  0:17  Drone  
  14  0:30  Drone x2  
  14  0:34  Drone  
  17  0:52  Hatchery  
  17  0:56  Drone  
  17  0:58  Drone  
  17  1:03  Extractor  
  17  1:13  Spawning Pool  
  17  1:18  Drone  
  17  1:21  Drone  
  18  1:29  Drone  
  19  1:40  Overlord  
  19  1:54  Drone  
  20  1:59  Queen  
  20  2:01  Drone  
  23  2:04  Queen  
  23  2:05  Zergling x2  
  23  2:08  Metabolic Boost  
  26  2:12  Drone  
  28  2:15  Drone  
  28  2:23  Drone  
  28  2:26  Drone  
  30  2:35  Drone  
  31  2:37  Queen  
  31  2:40  Overlord  
  34  2:51  Drone x2  
  34  2:57  Spine Crawler, Zergling x2  
  34  3:00  Zergling x2  
  34  3:01  Queen  
  35  3:11  Zergling x8  
  35  3:12  Zergling x2  
  40  3:16  Queen  
  42  3:22  Overlord  
  42  3:28  Roach Warren  
  41  3:35  Drone x2  
  41  3:36  Drone  
  41  3:37  Overlord  
  39  4:01  Zergling x18  
  46  4:09  Lair  
  46  4:10  Drone  
  46  4:13  Drone  
  46  4:14  Extractor  
  47  4:22  Drone x4  
  51  4:30  Hatchery  
  50  4:36  Drone x2  
  52  4:39  Extractor, Drone x2  
  49  4:53  Roach x4  
  49  4:57  Roach x2  
  56  5:07  Roach x2  
  56  5:13  Overlord  
  60  5:20  Glial Reconstitution  
  60  5:22  Overlord  
  60  5:24  Overlord  
  60  5:26  Evolution Chamber  
  59  5:30  Overlord  
  59  5:32  Overlord  
  59  5:36  Drone x3  
  59  5:38  Extractor  
  61  5:43  Drone x3  
  61  5:48  Drone  
  61  5:49  Drone x2  
  67  5:59  Spire  
  66  6:05  Drone x4  
  66  6:11  Zerg Missile Weapons Level 1  
  70  6:15  Overlord  
  70  6:16  Drone x2  
  72  6:18  Drone  
  72  6:20  Drone  
  72  6:22  Overseer  
  74  6:30  Drone x6  
  80  6:42  Roach x4  
  80  6:46  Extractor  
  87  6:48  Extractor  
  86  7:11  Drone  
  86  7:12  Mutalisk x6  
  99  7:17  Drone x8  
  99  7:18  Drone x2  
  109  7:25  Roach  
  109  7:29  Roach  
  113  7:30  Overlord  
  113  7:32  Spine Crawler, Zerg Flyer Weapons Level 1  
  113  7:36  Spine Crawler, Overseer  
  111  7:39  Ravager x2  
  111  7:40  Ravager  
  114  7:48  Overlord, Drone  
  115  7:59  Mutalisk x3  
  115  8:04  Overlord  
  115  8:05  Overlord  
  121  8:07  Overlord x2  
  121  8:10  Hatchery  
  120  8:16  Overlord  
  120  8:23  Mutalisk x4  
  128  8:27  Overlord  
  128  8:30  Drone x4  
  132  8:34  Overseer  
  132  8:35  Overseer  
  132  8:37  Overlord  
  132  8:40  Tunneling Claws  
  132  8:45  Overlord  
  132  8:50  Roach  
  132  8:51  Roach x5  
  132  8:53  Pneumatized Carapace  
  144  9:12  Roach  
  144  9:13  Roach x8  
  144  9:14  Extractor  
  144  9:16  Overlord  
  161  9:17  Overlord  
  161  9:18  Overlord  
  161  9:19  Extractor  
  160  9:24  Spore Crawler  
  160  9:25  Overlord  
  159  9:36  Overlord  
  159  9:39  Drone x4  
  159  9:42  Roach x5  
  159  9:44  Infestation Pit  
  172  9:46  Spore Crawler  
  172  9:49  Spine Crawler, Overlord  
  172  9:51  Overlord  
  170  9:56  Overlord  
  170  10:00  Ravager x6  
  170  10:01  Ravager  
  170  10:04  Drone  
  178  10:21  Spine Crawler, Roach  
  178  10:22  Roach x7  
  178  10:23  Spine Crawler x2  
  178  10:26  Burrow  
  191  10:33  Ravager x3  
  191  10:34  Ravager  
  195  10:42  Overseer x2  
  195  10:47  Hive  
  195  10:52  Ravager x2  
  191  11:21  Roach Warren  
  191  11:22  Roach x6  
  168  11:40  Roach x8  
  168  11:45  Roach x5  
  155  11:49  Roach x6  
  158  11:56  Roach x4  
  158  12:01  Greater Spire, Corruptor  
  166  12:02  Corruptor x3  
  174  12:14  Queen  
  174  12:17  Spore Crawler  
  174  12:18  Spore Crawler  
  172  12:29  Drone x2  
  169  12:48  Evolution Chamber  
  168  12:57  Overlord  
  168  12:58  Corruptor x3  
  168  13:00  Corruptor  
  168  13:05  Spine Crawler, Spore Crawler  
  175  13:06  Drone x3  
  177  13:14  Brood Lord x4  
  177  13:19  Evolution Chamber  
  184  13:32  Brood Lord x4  
  192  13:36  Overseer  
  192  13:44  Infestor x3  
  192  13:45  Hydralisk Den  
  197  13:55  Spine Crawler  
  196  13:59  Spine Crawler  
  196  14:00  Spine Crawler  
  194  14:16  Hydralisk  
  198  14:22  Ravager x2  
  198  14:23  Ravager x2  

Tags
 
Add a new tag
Caveats
  • Supply blocks, unpowered buildings, or Contaminate may cause inaccurate times.
  • Supply counts are checked every 10 seconds.